 Dungeon Crawl Stone Soup version 0.31-a0-818-ge7c7cf74f0 (webtiles) character file.

Game seed: 15085631840394175179

1101 randomguy2701 the Nimble (level 8, -4/58 HPs)
             Began as a Gnoll Wanderer on Sept 22, 2023.
             Was an Initiate of Gozag.
             Slain by an orc warrior
             ... wielding a +0 flail
              (17 damage)
             ... on level 6 of the Dungeon.
             The game lasted 00:11:52 (6106 turns).

randomguy2701 the Nimble (Gnoll Wanderer)           Turns: 6106, Time: 00:11:52

Health: -4/58      AC:  3    Str: 15    XL:     8   Next: 32%
Magic:  12/14      EV: 15    Int: 18    God:    Gozag
Gold:   443        SH:  0    Dex: 10    Spells: 14/15 levels left

rFire   . . .        n - +0 spear
rCold   . . .        (no shield)
rNeg    . . .        d - +0 robe
rPois   .            (no helmet)
rElec   .            b - +0 cloak
rCorr   .            (no gloves)
SInv    .            (no boots)
Will    .....        w - amulet of magic regeneration
Stlth   ++           g - +6 ring of strength
HPRegen 0.29/turn    (no ring)
MPRegen 0.54/turn

%: no passive effects
@: no status effects
A: fangs 1, strong nose, distributed training
a: Renounce Religion, Potion Petition, Call Merchant, Bribe Branch


You were on level 6 of the Dungeon.
You worshipped Gozag.
Gozag was aware of your devotion.
You visited 2 branches of the dungeon, and saw 7 of its levels.

You collected 499 gold pieces.
You paid 56 gold pieces to Gozag.

Inventory:

Hand Weapons
 a - a +0 sling
 n - a +0 spear (weapon)
Armour
 b - a +0 cloak (worn)
 d - a +0 robe (worn)
Jewellery
 g - a +6 ring of strength (left hand)
 w - an amulet of magic regeneration (around neck)
Wands
 t - a wand of roots (17)
Scrolls
 f - 5 scrolls of identify
 j - 2 scrolls of amnesia {unknown}
 k - 2 scrolls of vulnerability {unknown}
 m - 5 scrolls of teleportation {unknown}
 o - 2 scrolls of fog {unknown}
 p - a scroll of butterflies {unknown}
 r - a scroll of enchant armour {unknown}
 x - 2 scrolls of immolation {unknown}
Potions
 c - 3 potions of attraction
 e - 3 potions of heal wounds {unknown}
 h - a potion of berserk rage {unknown}
 i - 2 potions of brilliance {unknown}
 l - a potion of cancellation {unknown}
 q - 5 potions of curing {unknown}
 s - a potion of enlightenment {unknown}
 u - a potion of ambrosia {unknown}
 v - 2 potions of degeneration {unknown}
 z - a potion of lignification {unknown}


   Skills:
 + Level 3.2 Fighting
 + Level 3.2 Short Blades
 + Level 3.2 Long Blades
 + Level 3.2 Axes
 + Level 3.2 Maces & Flails
 + Level 3.2 Polearms
 + Level 3.2 Staves
 + Level 4.2 Ranged Weapons
 + Level 3.2 Throwing
 + Level 3.2 Armour
 + Level 9.1 Dodging
 + Level 4.0 Stealth
 + Level 3.2 Shields
 + Level 3.2 Unarmed Combat
 + Level 4.3 Spellcasting
 + Level 2.6 Conjurations
 + Level 2.6 Hexes
 + Level 2.6 Summonings
 + Level 2.6 Necromancy
 + Level 2.6 Translocations
 + Level 2.6 Transmutations
 + Level 2.6 Fire Magic
 + Level 2.6 Ice Magic
 + Level 6.1 Air Magic
 + Level 2.6 Earth Magic
 + Level 2.6 Poison Magic
 + Level 3.5 Invocations
 + Level 3.2 Evocations
 + Level 2.9 Shapeshifting


You had 14 spell levels left.
You knew the following spells:

 Your Spells              Type           Power      Damage    Failure   Level
a - Shock                 Conj/Air       76%        1d7       2%          1

Your spell library contained the following spells:

 Spells                   Type           Power      Damage    Failure   Level
 Poisonous Vapours        Pois/Air       38%        N/A       3%          2
 Static Discharge         Conj/Air       38%        2-4/arc   3%          2
 Apportation              Tloc           26%        N/A       4%          1
 Freeze                   Ice            52%        1d6       4%          1
 Jinxbite                 Hex            26%        N/A       8%          2
 Frozen Ramparts          Ice            26%        1d4       14%         3
 Hailstorm                Conj/Ice       13%        3d5       14%         3
 Alistair's Intoxication  Tmut/Pois      8%         N/A       80%         5
 Conjure Ball Lightning   Conj/Air       9%         3x3d6     98%         6
 Discord                  Hex            6%         N/A       100%        8
 Disjunction              Tloc           6%         N/A       100%        8


Dungeon Overview and Level Annotations

Branches:
Dungeon (6/15)             Temple (1/1) D:4

Altars:
Ashenzari
Cheibriados
Dithmenos
Elyvilon
Fedhas
Gozag
Hepliaklqana
Makhleb
Okawaru
Sif Muna
Trog
Uskayaw
Vehumet
Wu Jian
Xom
Yredelemnul
Zin
The Shining One

Shops:
D:5 (

Annotations:
D:5 2 transporters, 1 runed translucent door, Crazy Yiuf


Innate Abilities, Weirdness & Mutations

You have very sharp teeth.
Your uncanny sense of smell can sniff out nearby items.
Your experience applies equally to all skills.


Message History

You kill the iguana!
The zap hits the orc warrior.
The orc warrior is lightly wounded.
The zap hits the orc warrior.
The orc warrior is moderately wounded.
The orc warrior misses you.
An orc wizard comes into view. It is wielding a +0 dagger.
The zap hits the orc warrior.
The orc warrior is moderately wounded.
The orc wizard shouts!
The orc warrior hits you with a +0 flail!!
The zap hits the orc warrior.
The orc warrior is heavily wounded.
The zap hits the orc wizard but does no damage.
The orc warrior hits you but does no damage.
The zap hits the orc warrior but does no damage.
The orc warrior is heavily wounded.
The zap hits the orc wizard but does no damage.
The orc warrior hits you with a +0 flail!
You are too injured to fight recklessly!
You are too injured to fight recklessly!
Casting: Shock (safe; 2% risk of failure)
Confirm with . or Enter, or press ? or * to list all spells.
Aiming: Shock (safe; 2% risk of failure)
Press: ? - help, Shift-Dir - straight line, f - orc wizard, p - orc warrior
Aim: an orc wizard, wielding a +0 dagger and wearing a +0 robe (64% to hit)
The zap hits the orc warrior.
The orc warrior is severely wounded.
The zap hits the orc wizard.
The orc wizard is lightly wounded.
The orc warrior hits you with a +0 flail!
The orc warrior attacks as it pursues you!
The orc warrior hits you with a +0 flail.
* * * LOW HITPOINT WARNING * * *
An orc comes into view. It is wielding a +0 mace.
You see here a +2 flail of holy wrath.
The orc warrior attacks as it pursues you!
The orc warrior hits you with a +0 flail!
You die...
Your body crumbles into a pile of gold.

....$.........##### ###
#....####.?.......# ##.. #..#.##
#.....###.## #..# #..#......o...#
#.[# #.## #..#####..#.$## ##.####
#.# ..## ##....### #....#### ##.#
..# ###..o.######....####..# .##
#..#).## ####......## .#
##.##o@##### #####...## .#
#.........#######.#... .#
########>............) ##
############............###.. #
###............##..#####..##)..
###...##############.#####......<
....### #....##.##.... ...##
####.##.##.... ..## #....###...


You could see an orc warrior, an orc wizard and an orc (wandering).

Vanquished Creatures
  A steam dragon (D:6)
  A black bear (D:5)
  An ice beast (D:6)
  An ogre (D:4)
  A phantom (D:5)
  2 bullfrogs (D:6)
  A kobold brigand (D:4)
  A scorpion (D:6)
  2 hounds
  An orc priest (D:6)
  3 iguanas
  Ijyb (D:2)
  An orc wizard (D:5)
  6 adders
  2 worms
  A dart slug (D:3)
  3 orcs
  17 ball pythons
  5 endoplasms
  5 giant cockroaches
  13 goblins
  6 hobgoblins
  4 jackals (D:4)
  7 kobolds
  5 quokkas
  3 bats
  2 frilled lizards
  6 rats
102 creatures vanquished.

Notes
Turn   | Place    | Note
-------+----------+-------------------------------------------
     0 | D:1      | randomguy2701 the Gnoll Wanderer began the quest for the
                  | Orb.
     0 | D:1      | randomguy2701 set off with the following items: a +0 sling,
                  | a +0 cloak, a potion of attraction, a +0 robe; and the
                  | following spell memorised: Shock; and the following spells
                  | available to memorise: Poisonous Vapours, Static Discharge.
     0 | D:1      | Reached XP level 1. HP: 13/13 MP: 4/4
    93 | D:1      | Reached XP level 2. HP: 19/19 MP: 0/5
   666 | D:1      | Reached XP level 3. HP: 25/25 MP: 4/7
  1047 | D:2      | Reached skill level 1 in Fighting
  1047 | D:2      | Reached skill level 1 in Short Blades
  1047 | D:2      | Reached skill level 1 in Long Blades
  1047 | D:2      | Reached skill level 1 in Axes
  1047 | D:2      | Reached skill level 1 in Maces & Flails
  1047 | D:2      | Reached skill level 1 in Polearms
  1047 | D:2      | Reached skill level 1 in Staves
  1047 | D:2      | Reached skill level 1 in Throwing
  1047 | D:2      | Reached skill level 1 in Armour
  1047 | D:2      | Reached skill level 1 in Shields
  1047 | D:2      | Reached skill level 1 in Unarmed Combat
  1047 | D:2      | Reached skill level 1 in Invocations
  1047 | D:2      | Reached skill level 1 in Evocations
  1047 | D:2      | Reached XP level 4. HP: 17/32 MP: 3/8
  1149 | D:2      | Reached skill level 1 in Shapeshifting
  1303 | D:2      | Noticed Ijyb
  1334 | D:2      | Killed Ijyb
  1335 | D:2      | Reached skill level 1 in Conjurations
  1335 | D:2      | Reached skill level 1 in Hexes
  1335 | D:2      | Reached skill level 1 in Summonings
  1335 | D:2      | Reached skill level 1 in Necromancy
  1335 | D:2      | Reached skill level 1 in Translocations
  1335 | D:2      | Reached skill level 1 in Transmutations
  1335 | D:2      | Reached skill level 1 in Fire Magic
  1335 | D:2      | Reached skill level 1 in Ice Magic
  1335 | D:2      | Reached skill level 1 in Earth Magic
  1335 | D:2      | Reached skill level 1 in Poison Magic
  1806 | D:2      | Found a shimmering altar of Xom.
  2054 | D:2      | Identified the +3 leather armour of the Lute {rPois Int-5
                  | Dex+6 SInv}
  2181 | D:3      | Found a faded altar of an unknown god.
  2257 | D:3      | Reached XP level 5. HP: 37/37 MP: 2/9
  3114 | D:4      | Noticed an ogre
  3235 | D:4      | Found a staircase to the Ecumenical Temple.
  3309 | Temple   | Entered the Ecumenical Temple
  3372 | Temple   | Became a worshipper of Gozag Ym Sagoz the Greedy
  3494 | D:4      | Killed an ogre
  3495 | D:4      | Reached XP level 6. HP: 13/44 MP: 3/11
  3663 | D:4      | Found an ornate altar of the Wu Jian Council.
  4361 | D:5      | Entered Level 5 of the Dungeon
  4507 | D:5      | Reached XP level 7. HP: 48/50 MP: 12/12
  4673 | D:5      | Found a transporter.
  4711 | D:5      | Found a transporter.
  5113 | D:5      | Found a basalt altar of Yredelemnul.
  5188 | D:5      | Found a runed translucent door.
  5189 | D:5      | Noticed Crazy Yiuf
  5241 | D:5      | Found Mohish's Antique Weapon Shoppe.
  5541 | D:6      | Reached skill level 9 in Dodging
  5563 | D:6      | Noticed a steam dragon
  5665 | D:6      | Reached XP level 8. HP: 42/58 MP: 8/14
  6106 | D:6      | Slain by an orc warrior

Illustrated notes

Levels and vault maps discovered:
D:1:      minmay_arrival_floating_metal, layout_rooms
D:2:      kennysheep_the_goblin_king, layout_basic, basic_altar,
          minmay_misc_feat_plants, minmay_3d_cube
D:3:      wad_pebble_path, layout_basic, chequers_ecumenical_altar_simple_redux
D:4:      layout_rooms, mainiacjoe_overflow_chevrons,
          minmay_temple_entry_gardened_gates, minivault_14
D:5:      gammafunk_steamed_eel, layout_gridville,
          mainiacjoe_overflow_surrounded_room, serial_shops,
          nicolae_shop_competitors_out_of_business, supply_closet_lemuel,
          uniq_crazy_yiuf_cottage
D:6:      layout_rooms
Temple:   regret_index_temple_generic_petals

Skill      XL: |  1  2  3  4  5  6  7  8 |
---------------+-------------------------+-----
Fighting       | 1 2 3 |  3.2
Short Blades   | 1 2 3 |  3.2
Long Blades    | 1 2 3 |  3.2
Axes           | 1 2 3 |  3.2
Maces & Flails | 1 2 3 |  3.2
Polearms       | 1 2 3 |  3.2
Staves         | 1 2 3 |  3.2
Throwing       | 1 2 3 |  3.2
Armour         | 1 2 3 |  3.2
Shields        | 1 2 3 |  3.2
Unarmed Combat | 1 2 3 |  3.2
Invocations    | 1 2 3 |  3.5
Evocations     | 1 2 3 |  3.2
Shapeshifting  | 1 2 |  2.9
Spellcasting   | 3 4 |  4.3
Conjurations   | 1 2 |  2.6
Hexes          | 1 2 |  2.6
Summonings     | 1 2 |  2.6
Necromancy     | 1 2 |  2.6
Translocations | 1 2 |  2.6
Transmutations | 1 2 |  2.6
Fire Magic     | 1 2 |  2.6
Ice Magic      | 1 2 |  2.6
Earth Magic    | 1 2 |  2.6
Poison Magic   | 1 2 |  2.6
Ranged Weapons | 3 4 |  4.2
Stealth        | 3 4 |  4.0
Dodging        | 9 |  9.1
Air Magic      | 6 |  6.1

Action                     |  1- 3 |  4- 6 |  7- 9 || total
---------------------------+-------+-------+-------++-------
  Melee: Spear             |     3 |    61 |    17 ||    81
         Bite              |       |     6 |     1 ||     7
         Punch             |       |     1 |     1 ||     2
   Fire: Sling             |    18 |       |       ||    18
   Cast: Shock             |    44 |   166 |    91 ||   301
    Use: Scroll            |       |       |     3 ||     3
 Armour: Robe              |     6 |    36 |    52 ||    94
  Dodge: Dodged            |     8 |    60 |    57 ||   125

Table legend: (Time is in decaauts)
 A = Elapsed time spent in this place.
 B = Non-inter-level travel time spent in this place.
 C = Inter-level travel time spent in this place.
 D = Time resting spent in this place.
 E = Time spent auto-exploring this place.
 F = Levels seen in this place.
 G = Mean time per level.
                   A        B        C        D        E       F      G
               +--------+--------+--------+--------+--------+-----+--------+
         Total |   6141 |   5664 |    477 |      0 |   4823 |   7 |  877.3 |
       Dungeon |   6052 |   5663 |    389 |      0 |   4823 |   6 | 1008.7 |
        Temple |     88 |      1 |     87 |      0 |      0 |   1 |   88.0 |
               +--------+--------+--------+--------+--------+-----+--------+

Top non-repeatable levels by time:
     D:3: 1312 daAuts
     D:5: 1263 daAuts
     D:2: 1168 daAuts
     D:1: 962 daAuts
     D:4: 916 daAuts
     D:6: 429 daAuts
  Temple: 88 daAuts
